 Dungeon Crawl Stone Soup version 0.23.3 (webtiles) character file.

Game seed: 13510277477858783235

75 Fukker the Gusty (level 4, -3/24 HPs)
             Began as a Tengu Air Elementalist on Apr 1, 2020.
             Killed by divine providence
             ... invoked by an orc priest
              (7 damage)
             ... on level 2 of the Dungeon.
             The game lasted 00:03:59 (1675 turns).

Fukker the Gusty (Tengu Air Elementalist)           Turns: 1675, Time: 00:04:00

Health: -3/24      AC:  2    Str:  9    XL:     4   Next: 31%
Magic:  0/8        EV: 12    Int: 16    God:
Gold:   139        SH:  0    Dex: 14    Spells: 3/7 levels left

rFire    . . .     SeeInvis .   b - +2 whip (elec)
rCold    . . .     Gourm    .   (no shield)
rNeg     . . .     Faith    .   a - +0 robe
rPois    .         Spirit   .   (helmet restricted)
rElec    .         Reflect  .   (no cloak)
rCorr    .         Harm     .   (no gloves)
MR       .....                  (boots unavailable)
Stlth    ++........             (no amulet)
HPRegen  0.08/turn              (no ring)
MPRegen  0.11/turn              (no ring)

@: no status effects
A: beak, talons 3
a: no special abilities


You were on level 2 of the Dungeon.
You were very hungry.

You visited 1 branch of the dungeon, and saw 2 of its levels.

You collected 139 gold pieces.

Inventory:

Hand Weapons
 b - a +2 whip of electrocution (weapon)
Armour
 a - a +0 robe (worn)
Scrolls
 e - 5 scrolls of identify {unknown}
 f - a scroll of noise {unknown}
 g - 6 scrolls of remove curse {unknown}
 i - a scroll of blinking {unknown}
 j - a scroll of enchant weapon {unknown}
 k - a scroll of amnesia {unknown}
Potions
 d - 2 potions of agility {unknown}
 h - a potion of might {unknown}
 l - a potion of invisibility {unknown}
 m - a potion of curing {unknown}
Comestibles
 c - 4 rations


   Skills:
 + Level 0.5 Fighting
 + Level 2.4 Maces & Flails
 - Level 2.1 Dodging
 - Level 2.2 Stealth
 + Level 2.2 Spellcasting
 + Level 1.8 Conjurations
 + Level 5.0 Air Magic


You had 3 spell levels left.
You knew the following spells:

 Your Spells              Type           Power        Failure   Level  Hunger
a - Shock                 Conj/Air       ##..         4%          1    #......
b - Static Discharge      Conj/Air       ##......     14%         3    ###....

Your spell library contained the following spells:

 Spells                   Type           Power        Failure   Level  Hunger
 Swiftness                Chrm/Air       #.......     11%         2    ###....
 Airstrike                Air            ###.......   26%         4    #####..
 Lightning Bolt           Conj/Air       ##........   80%         5    ######.


Dungeon Overview and Level Annotations

Branches:
Dungeon (2/15)

Altars:


Innate Abilities, Weirdness & Mutations

You have a beak for a mouth.
You have claws for feet.


Message History

Aim: an orc priest, wielding a +0 hand axe and wearing a +0 leather armour (severely wounded)
The zap hits the orc priest.
The orc priest is severely wounded.
The orc priest invokes the aid of Beogh against you.
Beogh smites you!
Ouch! That really hurt!
* * * LOW HITPOINT WARNING * * *
You closely miss the orc priest.
The orc priest is severely wounded.
The orc priest casts a cantrip, but nothing happens.
The orc priest shouts!
You hit the orc priest but do no damage.
Lightning courses through the orc priest!
You kill the orc priest!
Your Air Magic skill increases to level 5!
You have reached level 4!
You feel stronger.
The orc priest mumbles some strange prayers to Beogh against you.
Beogh smites you!
You die...

###########.###...........#
#.).. #.# #######......
##.## #.# #...... #..#
#.##### .o ##.# #.#...# ...
#.. #.#...# .... ####.
#.#...# ..... #....
#.#...#####.o.... #....
#^'...@..o...o... #....
###...#####...... #....
#...# ..... ##### #####
.... #... ##### .## #.#.
#...###### # ## #........#
.. #........# ###
###......#


You could see an orc priest and 2 orcs.

Vanquished Creatures
  An orc priest (D:2)
  An ooze (D:2)
  A worm (D:2)
  3 leopard geckos
  A giant cockroach (D:1)
  3 goblins (D:1)
  7 hobgoblins
  2 quokkas (D:2)
  5 bats
  2 kobolds (D:2)
  11 rats
37 creatures vanquished.

Notes
Turn   | Place    | Note
-------+----------+-------------------------------------------
     0 | D:1      | Fukker the Tengu Air Elementalist began the quest for the
                  | Orb.
     0 | D:1      | Reached XP level 1. HP: 10/10 MP: 4/4
   227 | D:1      | Reached XP level 2. HP: 15/15 MP: 6/6
   485 | D:1      | Reached skill level 1 in Maces & Flails
   810 | D:2      | Reached XP level 3. HP: 19/19 MP: 2/7
   911 | D:2      | Learned a level 3 spell: Static Discharge
  1673 | D:2      | Reached skill level 5 in Air Magic
  1673 | D:2      | Reached XP level 4. HP: 4/24 MP: 0/8
  1675 | D:2      | Killed from afar by an orc priest

Skill      XL: |  1  2  3 |
---------------+----------+-----
Maces & Flails | 1 2 |  2.4
Air Magic      | 5 |  5.0
Fighting       | |  0.5
Dodging        | |  2.1
Stealth        | |  2.2
Spellcasting   | |  2.2
Conjurations   | |  1.8

Action                   |  1- 3 |  4- 6 || total
-------------------------+-------+-------++-------
Melee: Whip              |    43 |       ||    43
       Kick              |     5 |       ||     5
       Peck              |     4 |       ||     4
 Cast: Shock             |    37 |       ||    37
       Static Discharge  |     3 |       ||     3
 Stab: Sleeping          |     5 |       ||     5
  Eat: Chunk             |     2 |       ||     2
Armor: Robe              |     2 |       ||     2
Dodge: Dodged            |    19 |       ||    19
